 Dungeon Crawl Stone Soup version 0.28.0-43-g3370ac3207 (webtiles) character file.

Game seed: 15314246019256411553

457957 sanboga the Impregnable (level 24, -9/186 (187) HPs)
             Began as a Gargoyle Fighter on Mar 14, 2022.
             Was the Champion of Trog.
             Mangled by a caustic shrike simulacrum (52 damage)
             ... on level 3 of the Depths on Mar 15, 2022.
             The game lasted 01:36:21 (57383 turns).

sanboga the Impregnable (Gargoyle Fighter)         Turns: 57383, Time: 01:36:21

HP:   -9/186 (187)  AC: 60    Str: 31    XL:     24   Next: 10%
MP:   0/23          EV:  9    Int: 10    God:    Trog [******]
Gold: 2290          SH: 31    Dex:  7    Spells: 23/23 levels left

rFire   . . .      SeeInvis .   a - +8 broad axe (vorpal)
rCold   . . .      Faith    .   w - +4 tower shield {reflect}
rNeg    + . .      Spirit   .   c - +8 chain mail of the Orb {Will+}
rPois   ∞          Reflect  +   q - +2 helmet
rElec   +          Harm     .   x - +2 cloak {Will+}
rCorr   +          Rampage  .   M - +2 pair of gloves {infuse}
Will    +++++                   F - +2 pair of boots {Fly}
Stlth   ..........              e - amulet of reflection
HPRegen 0.41/turn               j - +4 ring of slaying
MPRegen 0.18/turn               L - ring "Xihiyr" {rPois Will+ rCorr Dex-2}

@: flying, studying Stealth, lightly drained
A: sickness immunity, AC +18, big wings, negative energy resistance 1,
electricity resistance, torment resistance 1, petrification resistance, talons
1, strong-willed 1, robust 1, screaming 1
}: 3/15 runes: decaying, serpentine, silver
a: Renounce Religion, Berserk, Trog's Hand, Brothers in Arms


You were on level 3 of the Depths.
You worshipped Trog.
Trog was exalted by your worship.
You visited 7 branches of the dungeon, and saw 39 of its levels.
You also visited: Sewer, Bailey and Desolation.

You collected 5431 gold pieces.
You spent 3141 gold pieces at shops.

Inventory:

Hand Weapons
 a - a +8 vorpal broad axe (weapon)
 b - a +5 broad axe of flaming
 g - a +7 antimagic broad axe
Armour
 c - the +8 chain mail of the Orb (worn) {Will+}
   (You found it on level 1 of the Depths)

   Will:      It increases your willpower.
 q - a +2 helmet (worn)
 w - a +4 tower shield of reflection (worn)
 x - a +2 cloak of willpower (worn)
 F - a +2 pair of boots of flying (worn)
 M - a +2 pair of gloves of infusion (worn)
Jewellery
 e - an amulet of reflection (around neck)
 j - a +4 ring of slaying (left hand)
 k - the ring of the Princeling {rCorr MP-9 AC+4 SInv}
   (You acquired it on level 15 of the Dungeon)

   [ring of protection]

   AC:        It affects your AC (+4).
   MP:        It affects your magic capacity (-9).
   SInv:      It lets you see invisible.
   rCorr:     It protects you from acid and corrosion.
 r - the ring of Limitation {rF++ MP+9 Dex+4 Stlth-}
   (You bought it in a shop on level 1 of the Depths)

   [ring of magical power]

   Dex:       It affects your dexterity (+4).
   rF:        It greatly protects you from fire.
   MP:        It affects your magic capacity (+9).
   Stlth:     It makes you less stealthy.
 v - a ring of protection from cold
 A - a ring of protection from fire
 L - the ring "Xihiyr" (right hand) {rPois Will+ rCorr Dex-2}
   (You took it off a vault guard on level 5 of the Vaults)

   [ring of resist corrosion]

   Dex:       It affects your dexterity (-2).
   rPois:     It protects you from poison.
   rCorr:     It protects you from acid and corrosion.
   Will:      It increases your willpower.
Wands
 p - a wand of iceblast (23)
 E - a wand of digging (11)
 I - a wand of acid (15)
Scrolls
 h - 2 scrolls of holy word
 m - 9 scrolls of teleportation
 s - 23 scrolls of identify
 u - a scroll of silence
 y - a scroll of enchant armour
 C - 3 scrolls of fog
 H - 6 scrolls of blinking
 J - 4 scrolls of magic mapping
 K - 2 scrolls of summoning
 N - 6 scrolls of fear
Potions
 d - 6 potions of might
 f - 7 potions of haste
 l - 17 potions of curing
 n - a potion of invisibility
 o - 3 potions of mutation
 t - a potion of cancellation
 z - 10 potions of ambrosia
 B - a potion of resistance {unknown}
 D - a potion of heal wounds
Miscellaneous
 i - a phantom mirror


   Skills:
 + Level 22.8 Fighting
 - Level 18.2 Axes
 * Level 25.5 Armour
 - Level 25.0 Shields


You had 23 spell levels left.
You didn't know any spells.
Your spell library was empty.

Dungeon Overview and Level Annotations

Branches:
Dungeon (15/15)            Temple (0/1) D:4            Lair (6/6) D:10
  Swamp (4/4) Lair:2        Snake (4/4) Lair:3        Slime (0/5) Lair:5
    Orc (2/2) D:10            Elf (0/3) Orc:2        Vaults (5/5) D:13
  Crypt (0/3) Vaults:2     Depths (3/4) D:15          Sewer (visited)
 Bailey (visited)         Desolation (visited)

Altars:
Ashenzari
Cheibriados
Elyvilon
Fedhas
Gozag
Hepliaklqana
Kikubaaqudgha
Makhleb
Okawaru
Qazlal
Ru
Sif Muna
Trog
Uskayaw
Vehumet
Wu Jian
Xom
Beogh
Jiyva

Shops:
D:10 *   Orc:2 ==([   Snake:2 (   Snake:4 *   Vaults:2 ((   Vaults:5 *
Depths:1 *!=

Portals:
Hell: Depths:1
Abyss: Depths:1 Depths:3
Trove: Depths:2 (give 18 potions of curing)


Innate Abilities, Weirdness & Mutations

You are immune to sickness and miasma.
Your stone body is resilient. (AC +18)
You are immune to poison.
Your large and strong wings let you fly.
You resist negative energy. (rN+)
You are resistant to electric shocks. (rElec)
You are resistant to unholy torment.
You are immune to petrification.
You have sharp toenails.
You are strong-willed. (Will+)
You are robust. (+10% HP)
You occasionally shout uncontrollably at your foes.


Message History

The bolt of negative energy hits the hell beast.
The hell beast completely resists.
You are too injured to fight recklessly!
You hit the jiangshi.
The jiangshi is lightly damaged.
You slash the hell beast! You block the jiangshi's attack. x2
The hell beast bites you! You block the hell beast's attack.
You are too injured to fight recklessly!
You slice the jiangshi!!
The jiangshi is moderately damaged.
You slash the hell beast! You block the jiangshi's attack. x2
You block the hell beast's attack. x2
The jiangshi claws you but does no damage.
The jiangshi closely misses you.
The hell beast bites you but does no damage.
The hell beast tramples you but does no damage.
You are too injured to fight recklessly!
You are too injured to fight recklessly!
You slice the jiangshi!!
The jiangshi is almost destroyed.
You slice the hell beast!! You block the jiangshi's attack.
The jiangshi completely misses you. You block the hell beast's attack.
The hell beast tramples you but does no damage.
You are too injured to fight recklessly!
You slice the jiangshi!!
You destroy the jiangshi!
Trog accepts your kill.
You slice the hell beast!!
You kill the hell beast!
Trog accepts your kill.
You block the caustic shrike simulacrum's attack.
You are too injured to fight recklessly!
You slice the caustic shrike simulacrum!!
The caustic shrike simulacrum is severely damaged.
You hit the caustic shrike simulacrum but do no damage.
You slash the deep elf death mage!
The caustic shrike simulacrum claws you!
* * * LOW HITPOINT WARNING * * *
The caustic shrike simulacrum freezes you!!!
You die...

..≈≈≈≈≈≈≈≈≈≈≈≈≈≈≈≈..8#
.≈≈≈≈≈≈≈≈≈≈≈≈≈≈≈≈≈≈..##
≈≈≈...########...≈≈≈..##
≈≈...## ....##...≈≈≈...
≈...## #..#'...≈≈...
≈..## #.[##..≈≈... ≈.##
##..##.≈≈... ≈##
##e.##≈≈... ≈# ##@#
≈≈... ≈# #ZZ# ≈... ≈#
#Z.# ... ≈# #..+ ... ≈#
#..# ≈# #..# ≈# #+## ≈##
≈.##


You could see a deep elf death mage, a spectral golden dragon and 2 caustic
shrike simulacra.

Vanquished Creatures
  An ancient lich (Vaults:5)
  Mennas (Vaults:5)
  Mara (Swamp:2)
  Vashnia (Snake:2)
  the Lernaean hydra (Swamp:4)
  Margery (Vaults:3)
  Nikola (Snake:3)
  Jorgrun (D:14)
  Rupert (Lair:4)
  3 tentacled monstrosities (Vaults:5)
  3 liches
  3 titans
  4 sphinxes
  Frances (D:13)
  Kirke (Lair:5)
  A thorn hunter (Swamp:3)
  5 tengu reavers
  4 storm dragons
  3 shadow dragons
  Donald (Vaults:3)
  2 fenstrider witches (Swamp:3)
  3 nagarajas (Snake:4)
  5 frost giants
  An imperial myrmidon (Desolation)
  7 fire giants
  11 vault wardens
  An orc warlord (Orc:2)
  Aizul (Snake:1)
  2 ghouls
  A deep elf sorcerer (Vaults:5)
  A ghost moth (D:11)
  Louise (Swamp:3)
  20 ironbound preservers
  A curse skull (Vaults:2)
  3 war gargoyles
  15 very ugly things
  A caustic shrike skeleton (Depths:3)
  5 ironbound thunderhulks
  8 stone giants
  An eleionoma (Swamp:1)
  3 vampire knights
  A deep elf annihilator (Vaults:5)
  Azrael (D:14)
  2 halazid warlocks (Desolation)
  4 bunyips
  An entropy weaver (Vaults:4)
  3 spark wasps (Depths:2)
  The ghost of Dmuffinman the Fencer, a journeyman MiBe of Trog (Orc:1)
  18 dire elephants
  7 ettins
  A deep elf death mage (Vaults:5)
  A merfolk javelineer (Depths:1)
  5 ragged hierophants (Desolation)
  4 crystal guardians
  3 fire dragons
  Josephine (D:13)
  5 servants of whispers (Desolation)
  2 deep elf high priests
  17 yaktaur captains
  3 jiangshi (Depths:3)
  A rakshasa (Depths:1)
  5 salamander tyrants
  5 great orbs of eyes
  33 vault guards
  A spectral shadow dragon (Depths:3)
  23 hydras
  2 boulder beetles
  3 hell beasts (Depths:3)
  A catoblepas (Lair:6)
  5 peacekeepers
  5 ogre magi
  7 ironbound frosthearts
  An ice dragon (Depths:1)
  18 naga warriors
  A spriggan air mage (Swamp:3)
  2 ghost crabs
  14 centaur warriors
  A dancing weapon (Orc:1)
  A juggernaut simulacrum (Depths:3)
  3 death yaks (Lair:6)
  8 anacondas
  2 tengu warriors (D:14)
  33 two-headed ogres
  3 deep troll shamans
  10 alligators
  Urug (D:13)
  8 shock serpents
  27 naga sharpshooters
  4 orc high priests (Orc:2)
  A vampire mage (Depths:3)
  A shock serpent (shapeshifter) (Vaults:5)
  A titan zombie (Orc:1)
  3 deep troll earth magi
  7 hell knights
  Sonja (Orc:2)
  A spectral storm dragon (Depths:3)
  2 large abominations (Swamp:2)
  3 iron trolls
  5 shadow wraiths
  7 salamander mystics
  2 goliath frogs (Swamp:2)
  3 flayed ghosts (Depths:3)
  4 sea snakes (Snake:3)
  2 spriggan druids (Swamp:4)
  66 deep trolls
  11 swamp dragons
  10 bog bodies
  A death drake (Swamp:2)
  7 naga ritualists
  A spectral hydra (Swamp:2)
  A spriggan simulacrum (Depths:3)
  A shadow dragon zombie (Depths:3)
  A lindwurm (shapeshifter) (Depths:1)
  11 lindwurms
  17 ironbound convokers
  15 wizards
  A wolf spider zombie (D:15)
  Pikel (D:8)
  10 phantasmal warriors
  6 orc knights
  8 mana vipers
  7 necromancers
  6 orc sorcerers (Orc:2)
  A deep elf pyromancer (D:15)
  3 goliath frog zombies (Swamp:2)
  50 ugly things
  A wolf spider (Vaults:5)
  3 harpies (Vaults:1)
  A stone giant zombie (Orc:1)
  3 will-o-the-wisps
  19 cyclopes
  13 salamanders
  2 oklob plants (Lair:2)
  A tengu skeleton (Depths:3)
  Maurice (D:8)
  35 black mambas
  20 naga magi
  9 guardian serpents
  22 elephants
  7 torpor snails (Lair:6)
  20 vault sentinels
  9 cane toads
  An unseen horror (D:13)
  40 yaktaurs
  8 komodo dragons
  An unseen horror (shapeshifter) (D:15)
  4 rime drakes
  A storm dragon simulacrum (Depths:3)
  6 swamp worm zombies (Swamp:2)
  A komodo dragon (shapeshifter) (Vaults:5)
  A golden dragon simulacrum (Depths:3)
  3 freezing wraiths
  A queen bee (Lair:1)
  15 tyrant leeches
  A troll (D:10)
  Prince Ribbit (D:8)
  3 polar bears
  A slime creature (shapeshifter) (Vaults:5)
  3 meliai (D:13)
  49 saltlings
  Grinder (D:6)
  13 hornets
  15 blink frogs
  44 slime creatures
  2 alligator zombies (Swamp:2)
  6 dream sheep (Lair:6)
  5 spectral swamp dragons (Swamp:2)
  A meliai zombie (D:15)
  2 water elementals (Depths:2)
  A jumping spider (shapeshifter) (D:15)
  6 spriggans
  2 flying skulls (Depths:3)
  2 shadows (D:10)
  A spriggan (shapeshifter) (Vaults:3)
  61 yaks
  5 wraiths
  2 wyverns
  3 hogs (Lair:5)
  10 basilisks
  3 fire elementals
  3 tyrant leech zombies (Swamp:2)
  Grum (D:8)
  7 vampire mosquitoes
  16 swamp worms
  12 wargs
  3 acid dragons
  44 nagas
  3 hell hounds
  23 water moccasins
  An ice beast (D:5)
  46 orc warriors
  2 sky beasts
  4 black bears
  17 ogres
  5 swamp drakes
  3 necrophages
  10 centaurs
  5 boggarts (Vaults:4)
  2 phantoms
  28 wolves
  A lemure (D:8)
  A kobold brigand (D:9)
  10 bullfrogs
  A gnoll sergeant (D:9)
  2 cyclops zombies (Orc:1)
  2 scorpions (D:6)
  2 spriggan zombies (Swamp:2)
  2 troll zombies (Swamp:2)
  28 killer bees
  10 wights
  7 electric eels
  3 howler monkeys
  7 centaur zombies
  28 orc priests
  3 hounds
  2 jellies (D:6)
  A bullfrog skeleton (D:5)
  24 orc wizards
  2 iguanas
  8 ogre zombies (D:10)
  A hound skeleton (D:4)
  9 gnolls
  10 adders
  2 shadow imps (D:6)
  2 white imps (D:7)
  2 ufetubi
  2 adder skeletons
  2 worms (D:2)
  4 dart slugs
  97 orcs
  4 ball pythons
  14 bats
  3 endoplasms
  3 giant cockroaches (D:3)
  10 goblins
  6 hobgoblins
  3 jackals (D:1)
  4 quokkas
  A frilled lizard (D:3)
  2 goblin skeletons (D:10)
  A hobgoblin skeleton (D:10)
  4 hobgoblin zombies (D:10)
  25 kobolds
  4 orc skeletons (D:10)
  14 orc zombies (D:10)
  4 rats
  A briar patch (Swamp:3)
  A butterfly (Lair:4)
1822 creatures vanquished.

Vanquished Creatures (collateral kills)
  2 goblins (D:8)
2 creatures vanquished.

Vanquished Creatures (others)
  A ragged hierophant (Desolation)
  A spectral sphinx (Depths:3)
  2 alligators
  An orc high priest (Orc:2)
  A naga sharpshooter (Snake:2)
  2 bloated husks
  A wraith (Swamp:2)
  An orc warrior (Orc:2)
  2 swamp drakes (Swamp:4)
  An orc wizard (D:9)
  An orc (Orc:2)
  2 briar patches (Swamp:3)
  8 foxfires
  21 fungi
  50 plants
  2 withered plants (Swamp:2)
97 creatures vanquished.

Grand Total: 1921 creatures vanquished

Notes
Turn   | Place    | Note
-------+----------+-------------------------------------------
     0 | D:1      | sanboga the Gargoyle Fighter began the quest for the Orb.
     0 | D:1      | Reached XP level 1. HP: 14/14 MP: 1/1
   479 | D:1      | Reached XP level 2. HP: 19/19 MP: 2/2
  1050 | D:1      | Reached XP level 3. HP: 13/23 MP: 3/3
  1235 | D:1      | Found a faded altar of an unknown god.
  1472 | D:2      | Found a bloodstained altar of Trog.
  1479 | D:2      | Became a worshipper of Trog the Wrathful
  2048 | D:2      | Reached XP level 4. HP: 29/29 MP: 4/4
  2704 | D:3      | Reached * piety under Trog
  2709 | D:3      | Reached XP level 5. HP: 31/33 MP: 5/5
  2765 | D:3      | Found a glowing drain.
  2804 | Sewer    | Entered a sewer
  2829 | Sewer    | Noticed a water moccasin
  2832 | Sewer    | Killed a water moccasin
  2833 | Sewer    | Reached XP level 6. HP: 39/39 MP: 6/6
  3062 | D:3      | Found a snail-covered altar of Cheibriados.
  3521 | D:4      | Found a broken altar of Ashenzari.
  3813 | D:4      | Found a staircase to the Ecumenical Temple.
  3853 | D:4      | Noticed a black bear
  3864 | D:4      | Killed a black bear
  3865 | D:4      | Reached XP level 7. HP: 44/44 MP: 7/7
  4334 | D:5      | Entered Level 5 of the Dungeon
  4511 | D:5      | Found a shimmering blue altar of Sif Muna.
  4527 | D:5      | Reached skill level 5 in Armour
  4531 | D:5      | Reached skill level 5 in Fighting
  4531 | D:5      | Reached skill level 5 in Shields
  4573 | D:5      | Reached skill level 5 in Axes
  4769 | D:5      | Reached XP level 8. HP: 49/49 MP: 8/8
  5117 | D:5      | Found an ornate altar of the Wu Jian Council.
  5118 | D:5      | Found a white marble altar of Elyvilon.
  5121 | D:5      | Found a stormy altar of Qazlal.
  5192 | D:5      | Found an opulent altar of Gozag.
  5193 | D:5      | Found a burning altar of Makhleb.
  5508 | D:6      | Noticed a two-headed ogre
  5516 | D:6      | Killed a two-headed ogre
  5517 | D:6      | Reached XP level 9. HP: 56/56 MP: 9/9
  5581 | D:6      | Reached ** piety under Trog
  5822 | D:6      | Noticed a two-headed ogre
  5829 | D:6      | Killed a two-headed ogre
  6031 | D:6      | Found a bloodstained altar of Trog.
  6054 | D:6      | Noticed Grinder
  6057 | D:6      | Paralysed by Grinder for 7 turns
  6073 | D:6      | Killed Grinder
  6373 | D:7      | Reached XP level 10. HP: 60/63 MP: 10/10
  7219 | D:8      | Noticed Grum
  7236 | D:8      | Killed Grum
  7248 | D:8      | Reached *** piety under Trog
  7303 | D:8      | Identified the +1 robe of the Sun {rPois}
  7305 | D:8      | Noticed Pikel
  7308 | D:8      | Noticed Maurice
  7314 | D:8      | Killed Pikel
  7318 | D:8      | Found a flagged portal.
  7328 | Bailey   | Entered a bailey
  7370 | Bailey   | Noticed an orc knight
  7523 | Bailey   | Killed an orc knight
  7991 | D:8      | Killed Maurice
  7992 | D:8      | Reached XP level 11. HP: 67/69 MP: 3/11
  8038 | D:8      | Found a hazy altar of Hepliaklqana.
  8064 | D:8      | Noticed Prince Ribbit
  8082 | D:8      | Killed Prince Ribbit
  8173 | D:8      | Reached skill level 10 in Axes
  8518 | D:9      | Reached **** piety under Trog
  9056 | D:9      | Found a radiant altar of Vehumet.
  9060 | D:9      | Noticed a two-headed ogre
  9067 | D:9      | Killed a two-headed ogre
  9183 | D:9      | Found a sacrificial altar of Ru.
  9703 | D:10     | Entered Level 10 of the Dungeon
  9873 | D:10     | Reached ***** piety under Trog
  9906 | D:10     | Found a staircase to the Orcish Mines.
  9917 | D:10     | Received a gift from Trog
 10315 | D:10     | Noticed a two-headed ogre
 10324 | D:10     | Killed a two-headed ogre
 10448 | D:10     | Found a staircase to the Lair.
 10476 | D:10     | Found an ancient bone altar of Kikubaaqudgha.
 10786 | D:10     | Found Firittul's Assorted Antiques.
 10917 | D:11     | Noticed a two-headed ogre
 10924 | D:11     | Killed a two-headed ogre
 11007 | D:11     | Noticed a four-headed hydra
 11011 | D:11     | a four-headed hydra changed into something unseen
 11028 | D:11     | Killed a ghost moth
 11029 | D:11     | Reached XP level 12. HP: 21/77 MP: 4/12
 11486 | D:11     | Reached skill level 10 in Fighting
 11486 | D:11     | Reached skill level 10 in Armour
 11486 | D:11     | Reached skill level 10 in Shields
 12462 | D:12     | Noticed an anaconda
 12462 | D:12     | a large slime creature changed into an anaconda
 12473 | D:12     | Killed an anaconda
 12531 | D:12     | Found a transporter.
 12532 | D:12     | Found a transporter.
 12655 | D:12     | Noticed a two-headed ogre
 12669 | D:12     | Killed a two-headed ogre
 12772 | D:12     | Found a transporter.
 12773 | D:12     | Found a transporter.
 13003 | D:12     | Noticed a two-headed ogre
 13004 | D:12     | Found a transporter.
 13012 | D:12     | Killed a two-headed ogre
 13019 | D:12     | Found a transporter.
 13088 | D:12     | Noticed an eight-headed hydra
 13100 | D:12     | Killed a one-headed hydra
 13820 | D:13     | Noticed an eight-headed hydra
 13824 | D:13     | Noticed a centaur warrior
 13839 | D:12     | Killed a two-headed hydra
 13960 | D:13     | Noticed an eight-headed hydra
 14292 | D:12     | Killed a four-headed hydra
 14410 | D:13     | Killed a centaur warrior
 14513 | D:13     | Noticed an ogre mage
 14513 | D:13     | Noticed a two-headed ogre
 14514 | D:13     | Found a gate to the Vaults.
 14514 | D:13     | Noticed a two-headed ogre
 14519 | D:13     | Killed a two-headed ogre
 14522 | D:13     | Killed a two-headed ogre
 14523 | D:13     | Reached XP level 13. HP: 84/84 MP: 13/13
 14623 | D:13     | Noticed Frances
 14635 | D:13     | Killed Frances
 14975 | D:13     | Noticed Urug
 14983 | D:13     | Killed Urug
 15061 | D:13     | Found a hide-covered altar of Uskayaw.
 15583 | D:13     | Noticed Josephine
 15593 | D:13     | Killed Josephine
 15826 | D:14     | Noticed Jorgrun
 15843 | D:14     | Killed Jorgrun
 16609 | D:15     | Entered Level 15 of the Dungeon
 16619 | D:15     | Noticed Azrael
 16717 | D:14     | Killed Azrael
 16718 | D:14     | Gained mutation: Your large and strong wings let you fly.
                  | [Gargoyle growth]
 16718 | D:14     | Reached XP level 14. HP: 92/92 MP: 14/14
 17570 | D:15     | Found a staircase to the Depths.
 17915 | D:15     | Identified a scroll of acquirement
 17915 | D:15     | Acquired the ring of the Princeling {rCorr MP-9 AC+4 SInv}
 18111 | D:15     | Found an iron altar of Okawaru.
 18675 | Lair:1   | Entered Level 1 of the Lair of Beasts
 19173 | Lair:1   | Reached skill level 15 in Axes
 19471 | Lair:1   | Received a gift from Trog
 20071 | Lair:2   | Found a staircase to the Swamp.
 20241 | Lair:2   | Reached XP level 15. HP: 95/99 MP: 2/15
 20296 | Lair:2   | Found a shimmering altar of Xom.
 20582 | Lair:2   | Found a blossoming altar of Fedhas.
 21384 | Lair:3   | Found a staircase to the Snake Pit.
 22340 | Lair:4   | Noticed Rupert
 22361 | Lair:4   | Killed Rupert
 22556 | Lair:4   | Received a gift from Trog
 23124 | Lair:5   | Noticed Kirke
 23145 | Lair:5   | Killed Kirke
 23566 | Lair:5   | Found a viscous altar of Jiyva.
 23566 | Lair:5   | Found a staircase to the Slime Pits.
 23809 | Lair:6   | Entered Level 6 of the Lair of Beasts
 24151 | Lair:6   | Reached XP level 16. HP: 69/106 MP: 7/16
 24334 | Lair:6   | Found a runed translucent door.
 24690 | Lair:6   | Received a gift from Trog
 25331 | Lair:6   | Identified the +8 chain mail "Igiloc" {-Tele Rampage rElec
                  | Will+ Stlth+}
 25563 | Orc:1    | Entered Level 1 of the Orcish Mines
 26135 | Orc:1    | Identified the +8 triple sword of the Blessings {flame,
                  | +Blink rC+ Will+}
 26157 | Orc:1    | Identified the +12 morningstar "Zonoqudi" {vorpal, rF+
                  | Str-5 Dex+5}
 26212 | Orc:1    | Found the +7 pair of quick blades "Gyre" and "Gimble"
                  | {protect}
 26213 | Orc:1    | Received a gift from Trog
 26818 | Orc:1    | Found a runed translucent door.
 26819 | Orc:1    | Found a shimmering altar of Xom.
 26819 | Orc:1    | Noticed Dmuffinman's ghost (journeyman MiBe)
 27068 | Orc:1    | Killed Dmuffinman's ghost
 27069 | Orc:1    | Identified the +4 quarterstaff "Xariclu" {venom, +Blink rC-
                  | rN+++ Str+2}
 27143 | Orc:2    | Entered Level 2 of the Orcish Mines
 27210 | Orc:2    | Reached skill level 15 in Fighting
 27277 | Orc:2    | Reached skill level 15 in Shields
 27331 | Orc:2    | Reached skill level 15 in Armour
 27366 | Orc:2    | Found Ureuren's Armour Boutique.
 27392 | Orc:2    | Bought a +1 pair of boots for 149 gold pieces
 27412 | Orc:2    | Found Zoiq's Weapon Shop.
 27537 | Orc:2    | Received a gift from Trog
 27792 | Orc:2    | Reached ****** piety under Trog
 27842 | Orc:2    | Noticed Sonja
 27847 | Orc:2    | Killed Sonja
 28106 | Orc:2    | Received a gift from Trog
 28277 | Orc:2    | Found Iciaw's Jewellery Boutique.
 28337 | Orc:2    | Gained mutation: Armour fits poorly on your strangely
                  | shaped body. [a neqoxec]
 28339 | Orc:2    | Reached XP level 17. HP: 107/113 MP: 8/17
 28413 | Orc:2    | Found Hativad's Jewellery Emporium.
 28651 | Orc:2    | Found a staircase to the Elven Halls.
 28874 | Swamp:1  | Entered Level 1 of the Swamp
 28887 | Swamp:1  | Received a gift from Trog
 28947 | Swamp:1  | Identified the ring "Tupniat" {rElec rPois Str+3 Int+3
                  | Dex+3}
 30614 | Swamp:2  | Received a gift from Trog
 31042 | Swamp:3  | Noticed Louise
 31055 | Swamp:3  | Noticed Mara
 31136 | Swamp:3  | Noticed sanboga's illusion
 31227 | Swamp:2  | Noticed sanboga's illusion
 31239 | Swamp:2  | Noticed sanboga's illusion
 31244 | Swamp:2  | HP: 3/115 [Mara (illusionary)/bolt of fire (39)]
 31591 | Swamp:2  | Killed Mara
 31700 | Swamp:3  | Killed Louise
 32535 | Swamp:3  | Lost mutation: Armour fits poorly on your strangely shaped
                  | body. [potion of mutation]
 32535 | Swamp:3  | Gained mutation: You are strong-willed. (Will+) [potion of
                  | mutation]
 32535 | Swamp:3  | Gained mutation: You have sharp toenails. [potion of
                  | mutation]
 32535 | Swamp:3  | Gained mutation: You occasionally shout uncontrollably at
                  | your foes. [potion of mutation]
 32535 | Swamp:3  | Gained mutation: You are robust. (+10% HP) [potion of
                  | mutation]
 32601 | Swamp:4  | Entered Level 4 of the Swamp
 32698 | Swamp:4  | Identified the +8 chain mail of the Meadowlark {Rampage
                  | rElec Slay-6}
 33140 | Swamp:4  | Reached XP level 18. HP: 132/134 MP: 9/18
 33474 | Swamp:4  | Received a gift from Trog
 33620 | Swamp:4  | Noticed the 27-headed Lernaean hydra
 33629 | Swamp:4  | Killed the 26-headed Lernaean hydra
 33885 | Swamp:4  | Got a decaying rune of Zot
 34069 | Snake:1  | Entered Level 1 of the Snake Pit
 34400 | Snake:1  | Noticed Aizul
 34421 | Snake:1  | Killed Aizul
 35711 | Snake:2  | Found Woeshit's Weapon Shop.
 36082 | Snake:2  | Noticed Vashnia
 36101 | Snake:2  | Killed Vashnia
 36102 | Snake:2  | Reached XP level 19. HP: 117/140 MP: 0/19
 36106 | Snake:2  | Received a gift from Trog
 36250 | Snake:2  | HP: 3/141 [salamander tyrant/flame surge (17)]
 37072 | Snake:3  | Noticed Nikola
 37114 | Snake:3  | Killed Nikola
 37572 | Snake:4  | Entered Level 4 of the Snake Pit
 37913 | Snake:4  | Received a gift from Trog
 38616 | Snake:4  | Found Erraunol's Neck Hole.
 38651 | Snake:4  | Bought a +2 cloak of willpower for 365 gold pieces
 38993 | Snake:4  | Received a gift from Trog
 39540 | Snake:4  | Got a serpentine rune of Zot
 39815 | Vaults:1 | Entered Level 1 of the Vaults
 39867 | Vaults:1 | Found a crumbling gateway.
 39894 | Desolati | Entered the Desolation of Salt
 40151 | Desolati | Reached XP level 20. HP: 130/150 MP: 0/20
 40229 | Desolati | Identified the +0 buckler of Insecurity {Rampage +Blink
                  | rElec Dex+2}
 40319 | Desolati | Received a gift from Trog
 40708 | Desolati | Identified the ring "Xamorrya" {rF+ Will- Str+2 Int+6
                  | Dex+4}
 41719 | Vaults:1 | Received a gift from Trog
 43230 | Vaults:1 | Received a gift from Trog
 43703 | Vaults:1 | Reached XP level 21. HP: 143/158 MP: 1/21
 44495 | Vaults:2 | Found Mena's Antique Weapon Shoppe.
 44668 | Vaults:2 | Received a gift from Trog
 44743 | Vaults:2 | Found Dasocimoth's Weapon Boutique.
 45805 | Vaults:2 | Found a staircase to the Crypt.
 46282 | Vaults:2 | Received a gift from Trog
 46797 | Vaults:2 | Acquired a manual of Armour
 47123 | Vaults:3 | Identified the +1 chain mail "Hifataul" {rC+ Str-2 Int+3
                  | Dex+3}
 47203 | Vaults:3 | Noticed Donald
 47217 | Vaults:3 | Killed Donald
 47810 | Vaults:3 | You are sucked into a shaft and drop 1 floor!
 48009 | Vaults:4 | Received a gift from Trog
 48471 | Vaults:3 | Reached XP level 22. HP: 148/168 MP: 2/22
 48688 | Vaults:3 | Noticed Margery
 48698 | Vaults:3 | Killed Margery
 48946 | Vaults:3 | Received a gift from Trog
 50193 | Vaults:4 | Received a gift from Trog
 51229 | Vaults:5 | Entered Level 5 of the Vaults
 52019 | Vaults:5 | Found Igooci's Assorted Antiques.
 52044 | Vaults:5 | Identified the +1 cloak "Naile" {Int+3}
 52047 | Vaults:5 | Bought a potion of haste for 370 gold pieces
 52047 | Vaults:5 | Bought a potion of heal wounds for 185 gold pieces
 52058 | Vaults:5 | Acquired the +2 pair of gloves "Omuedie" {rCorr}
 52065 | Vaults:5 | Noticed Mennas
 52102 | Vaults:5 | Killed Mennas
 52103 | Vaults:5 | Reached XP level 23. HP: 155/176 MP: 0/23
 52334 | Vaults:5 | Identified the +2 robe "Dadarar" {rN+++ rCorr Int-5 Stlth-}
 52660 | Vaults:5 | Paralysed by a floating eye for 4 turns
 52687 | Vaults:5 | Noticed an ancient lich
 52712 | Vaults:5 | Killed an ancient lich
 53283 | Vaults:5 | Identified the ring "Xihiyr" {rPois Will+ rCorr Dex-2}
 53288 | Vaults:5 | Received a gift from Trog
 53995 | Vaults:5 | Got a silver rune of Zot
 54526 | Depths:1 | Entered Level 1 of the Depths
 54710 | Depths:1 | Found a one-way gate to the infinite horrors of the Abyss.
 54891 | Depths:1 | Found a stormy altar of Qazlal.
 54899 | Depths:1 | Found a gateway to Hell.
 54969 | Depths:1 | HP: 5/179 [merfolk javelineer/javelin (6)]
 55453 | Depths:1 | Identified the +8 chain mail of the Orb {Will+}
 55603 | Depths:1 | Found Utwu's Jewellery Boutique.
 55603 | Depths:1 | Found Okkaoni's Distillery.
 55603 | Depths:1 | Found Tagozo's General Store.
 55608 | Depths:1 | Bought the ring of Limitation {rF++ MP+9 Dex+4 Stlth-} for
                  | 1236 gold pieces
 55610 | Depths:1 | Bought a potion of curing for 57 gold pieces
 55610 | Depths:1 | Bought 2 potions of haste for 380 gold pieces
 55610 | Depths:1 | Bought a potion of curing for 57 gold pieces
 55610 | Depths:1 | Bought a potion of curing for 57 gold pieces
 55610 | Depths:1 | Bought a potion of heal wounds for 95 gold pieces
 55610 | Depths:1 | Bought a potion of haste for 190 gold pieces
 56487 | Depths:2 | Found an opulent altar of Gozag.
 56620 | Depths:2 | Received a gift from Trog
 56889 | Depths:2 | Found a hide-covered altar of Uskayaw.
 56942 | Depths:2 | Found a portal to a secret trove of treasure.
 57297 | Depths:3 | Reached XP level 24. HP: 147/185 MP: 1/23
 57383 | Depths:3 | Mangled by a caustic shrike simulacrum

Illustrated notes

Levels and vault maps discovered:
D:1:      dpeg_arrival_tiny_a, layout_loops_ring,
          dreamdust_ecumenical_altar_angels_and_demons
D:2:      layout_basic, basic_altar, kennysheep_generic_room_13
D:3:      layout_loops_ring, cheibriados_altar_1, gup_sewer_entry_glass
D:4:      layout_basic, kennysheep_mini, minmay_temple_entry_mist,
          minmay_strange_pillars
D:5:      wad_river_or_something, layout_rooms, led_sif_book,
          grunt_temple_overflow_open, serial_corexii_hall,
          corexii_hall_statues_deadend, corexii_hall_statues_deadend
D:6:      layout_rooms, lightli_temple_of_fire, chequers_serial_rivers_micro_c,
          grunt_ministairs_10, minmay_manual_mullet, uniq_grinder
D:7:      layout_loops_ring
D:8:      layout_rooms, overflow_temple_1_default, enter_bailey_3,
          uniq_prince_ribbit1, uniq_grum, uniq_pikel, uniq_maurice
D:9:      layout_loops_corners, nicolae_overflow_crystal_walls,
          nicolae_ru_sacrificial_ziggurat, serial_bayou_lagoon_b
D:10:     layout_long_grid, kennysheep_mini_moat, lair_entry_dummy,
          zombieorc2_lemuel, serial_shops, nicolae_shop_trees
D:11:     layout_basic
D:12:     layout_basic, serial_nicolae_subway, nicolae_sub_station_metal,
          nicolae_sub_station_crystal, nicolae_sub_station_stone
D:13:     layout_irregular_city, david_vaults_2, eat_drink_and_be_merry_uskayaw,
          uniq_josephine, uniq_frances, uniq_urug
D:14:     layout_roguey, hangedman_decor_riveting, uniq_jorgrun
D:15:     grunt_enter_depths_magical_seal, layout_stronghold,
          okawaru_ov_weapons_minmay, uniq_azrael
Lair:1:   layout_roguey [special_room_bee]
Lair:2:   layout_hall_layers, swamp_mist_pool, basic_altar,
          hangedman_tree_tricks
Lair:3:   layout_long_grid, minmay_snake_entry_six_corridors
Lair:4:   layout_gridlike, lemuel_fruit_fields, uniq_rupert
Lair:5:   layout_loops_ring, dpeg_slime_entry_enclosed_altar, uniq_kirke
Lair:6:   hangedman_lair_in_review, layout_cave_shapes, wormcave,
          kennysheep_basilisk_garden
Swamp:1:  layout_basic_swamp, evilmike_swamp_ruin_house_1, swamp_pool3
Swamp:2:  cheibrodos_swamp_mausoleum, layout_basic_swamp,
          nicolae_swamp_feature_on_the_river_bank
Swamp:3:  layout_falls_marsh, evilmike_swamp_ruin_house_5, uniq_mara,
          uniq_louise
Swamp:4:  swamp_old_school, layout_basic_swamp
Snake:1:  nicolae_snake_crotalidae_crossing, layout_onion_interference,
          uniq_aizul
Snake:2:  layout_onion, serial_shops, nicolae_shop_behind_doors,
          hangedman_snake_thin_pillar_pass, nicolae_coiled_stairwell_up,
          uniq_vashnia
Snake:3:  layout_onion_interference, serial_bayou_shore_a, uniq_nikola
Snake:4:  minmay_snake_end_coiled, layout_cave_town,
          nicolae_shop_sticking_my_neck_out
Orc:1:    giant_chief_lemuel, layout_caves, ebering_ghost_xom,
          nicolae_orc_damp_corner
Orc:2:    pubby_orc_utopia, uniq_sonja
Vaults:1: portal_desolation_entry_salt, ontoclasm_vaults_tryst,
          nicolae_vaults_asterisk, vaults_room_door_ring,
          hangedman_vaults_capsules, nicolae_vaults_arrows,
          nicolae_vaults_quartermaster, nicolae_vaults_asterisk,
          nicolae_vaults_sealed_display, vaults_dpeg_encased_lava,
          vaults_room_hallway, hangedman_vaults_stagger,
          ontoclasm_vaults_shuriken, grunt_vaults_bifocal,
          ontoclasm_vaults_fault, vaults_standard_mumra_x, layout_vaults_omnibox
Vaults:2: minmay_crypt_entry_simple_sparse, v_misc_14, v_misc_17, st_cells,
          grunt_vaults_hallway_short, layout_vaults_omnigrid, serial_shops,
          nicolae_shop_statue_plus, nicolae_shop_bloodbath_and_beyond
Vaults:3: hangedman_vaults_snaps, hangedman_vaults_variations, v_misc_15,
          vaults_room_hangedman_quadrants, nicolae_vaults_little_squares_3,
          hangedman_vaults_nails, nicolae_vaults_shelves_hall,
          nicolae_vaults_ninety_degrees, v_misc_26, ontoclasm_vaults_pinch,
          hangedman_vaults_impose, nicolae_vaults_theta, vaults_room_grid,
          grunt_vaults_hallway_short, layout_vaults_big_room, uniq_donald,
          uniq_margery
Vaults:4: v_misc_12, nicolae_vaults_little_squares_2,
          hangedman_vaults_hard_town_square, vaults_dpeg_cross,
          vaults_mumra_chevron_long, ontoclasm_vaults_twist,
          vaults_room_octagon, vaults_mumra_hexcomb,
          nicolae_vaults_little_squares_1, v_pattern_4, hangedman_vaults_unwind,
          v_rooms_4, v_misc_28, v_misc_8, ontoclasm_vaults_gateway,
          layout_vaults_maze_bifur
Vaults:5: serial_shops, uniq_mennas
Depths:1: layout_gridville, hell_entry, nrook_pool_corridor, abyss_entry,
          grunt_qazlal_clouds, minmay_shop_star
Depths:2: thingy_vault_2, layout_gridlike, lightli_too_deep,
          grunt_pan_entry_spiral, enter_trove_3, grunt_gozag_statues, drop_trap,
          kennysheep_flooded_box, kennysheep_generic_room_15,
          infiniplex_staircase_pool_2, uniq_saint_roka
Depths:3: lemuel_vampire_tower, layout_long_grid, hell_entry,
          rand_demon_pan_entry_3, minmay_misc_feat_chi, abyss_entry

Skill      XL: |  1  2  3  4  5  6  7  8  9 10 11 12 13 14 15 16 17 18 19 20 21 22 23 |
---------------+----------------------------------------------------------------------+-----
Axes           | 2 3 4 5 6 8 9 11 12 14 15 16 17 18 | 18.2
Armour         | 4 5 6 7 8 9 11 12 13 14 15 16 17 18 19 20 23 25 | 25.5
Fighting       | 4 5 6 7 8 9 11 12 13 14 15 16 17 18 19 20 21 22 | 22.8
Shields        | 4 5 6 7 8 9 11 12 13 14 15 16 18 20 22 23 25 | 25.0

Action                   |  1- 3 |  4- 6 |  7- 9 | 10-12 | 13-15 | 16-18 | 19-21 | 22-24 || total
-------------------------+-------+-------+-------+-------+-------+-------+-------+-------++-------
Melee: War axe           |    85 |     9 |       |   382 |   317 |    82 |       |       ||   875
       Hand axe          |       |   111 |   190 |   243 |    45 |   170 |       |       ||   759
       Broad axe         |       |       |       |     7 |   636 |  1338 |  1383 |   984 ||  4348
       Kick              |       |       |       |       |       |       |       |     3 ||     3
Invok: Berserk           |       |     1 |     2 |    12 |    15 |    11 |     3 |     1 ||    45
Evoke: Wand              |       |     3 |    10 |     7 |     1 |     5 |       |       ||    26
       Phantom mirror    |       |       |       |     1 |     1 |     2 |     1 |       ||     5
  Use: Scroll            |       |     7 |     4 |     8 |    10 |     4 |    10 |     1 ||    44
       Potion            |       |       |     1 |     3 |     1 |     4 |     1 |     2 ||    12
 Stab: Paralysed         |       |       |       |     1 |       |       |       |       ||     1
       Petrified         |       |       |       |       |       |    11 |       |       ||    11
       Petrifying        |       |       |       |       |       |     1 |       |       ||     1
       Confused          |       |       |       |       |       |     1 |       |       ||     1
       Invisible         |       |       |       |       |       |     1 |       |       ||     1
Armor: Scale mail        |    49 |    88 |       |       |       |       |       |       ||   137
       Plate armour      |       |    24 |   126 |   402 |   681 |   765 |   592 |   363 ||  2953
       Chain mail        |       |     2 |       |       |       |       |       |   103 ||   105
Dodge: Dodged            |    36 |    87 |    77 |   302 |   321 |   220 |   185 |   169 ||  1397
Block: Buckler           |    17 |    46 |    31 |   155 |       |       |       |       ||   249
       Kite shield       |       |       |       |    96 |   768 |   670 |       |       ||  1534
       Reflection        |       |       |       |       |     1 |   115 |   165 |    30 ||   311
       Tower shield      |       |       |       |       |       |   759 |  1620 |  1203 ||  3582
